 Seeded DCSS version 0.30.1-4-g462c640d31 (webtiles) character file.

Game seed: 6351066067085065685 (custom seed)

13 Esekla the Magician (level 2, -1/15 HPs)
             Began as a Deep Elf Wanderer on Sept 18, 2023.
             Was an Initiate of Vehumet.
             Slain by an adder (2 damage)
             ... on level 2 of the Dungeon.
             The game lasted 00:10:26 (1147 turns).

Esekla the Magician (Deep Elf Wanderer)             Turns: 1147, Time: 00:10:27

Health: -1/15      AC:  4    Str: 11    XL:     2   Next: 24%
Magic:  9/9        EV: 10    Int: 17    God:    Vehumet [......]
Gold:   124        SH:  3    Dex: 11    Spells: 6/10 levels left

rFire   . . .        a - +1 short sword (freeze)
rCold   . . .        d - +0 buckler
rNeg    . . .        c - +0 robe
rPois   .            l - +0 helmet
rElec   .            (no cloak)
rCorr   .            k - +0 pair of gloves
SInv    .            (no boots)
Will    .....        (no amulet)
Stlth   ++           (no ring)
HPRegen 0.22/turn    (no ring)
MPRegen 0.11/turn

%: no passive effects
@: lethally poisoned (-1 -> -9), attractive
A: no striking features
a: Renounce Religion


You were on level 2 of the Dungeon.
You worshipped Vehumet.
Vehumet was noncommittal.
You visited 1 branch of the dungeon, and saw 4 of its levels.

You collected 124 gold pieces.

Inventory:

Hand Weapons
 a - a +1 short sword of freezing (weapon)
 s - the +5 rapier of the Hero {heavy, rN+ Dex+3}
   (You found it on level 3 of the Dungeon)

   Dex:       It affects your dexterity (+3).
   rN:        It protects you from negative energy.
Armour
 c - a +0 robe (worn)
 d - a +0 buckler (worn)
 k - a +0 pair of gloves (worn)
 l - a +0 helmet (worn)
Wands
 i - a wand of roots (9)
Scrolls
 g - a scroll of identify {unknown}
 n - a scroll of enchant armour {unknown}
 o - a scroll of amnesia {unknown}
 p - a scroll of immolation {unknown}
Potions
 b - a potion of lignification
 e - a potion of ambrosia {unknown}
 f - a potion of attraction
 j - a potion of curing {unknown}
 m - a potion of mutation {unknown}


   Skills:
 + Level 1.2 Stealth
 + Level 1.5 Shields
 * Level 4.9 Spellcasting
 + Level 0.1 Conjurations
 * Level 1.0 Necromancy
 + Level 2.4 Translocations
 + Level 1.0 Invocations


You had 6 spell levels left.
You knew the following spells:

 Your Spells              Type           Power      Damage    Failure   Level
a - Magic Dart            Conj           16%        1d3       21%         1
b - Blink                 Tloc           24%        N/A       12%         2
p - Apportation           Tloc           24%        N/A       8%          1

Your spell library contained the following spells:

 Spells                   Type           Power      Damage    Failure   Level
 Lesser Beckoning         Tloc           24%        N/A       12%         2
 Vampiric Draining        Necr           7%         2d6       38%         3
 Ignite Poison            Fire/Tmut/Pois 4%         N/A       54%         3


Dungeon Overview and Level Annotations

Branches:
Dungeon (4/15)
 Temple: D:4-7

Altars:
Okawaru
Vehumet
Zin

Shops:
D:2 =


Message History

The magic dart hits the goblin but does no damage.
You hit the goblin. You freeze the goblin.
You kill the goblin!
Vehumet accepts your kill.
Your Necromancy skill increases to level 1!
Things that are here:
a +0 dagger; a +0 leather armour
There is a stone staircase leading down here.
An adder comes into view.
A frilled lizard comes into view.
Found a scroll labelled LIXOR VONLAKI.
The adder hisses angrily.
The frilled lizard hisses angrily.
You hit the adder. You freeze the adder.
The adder is heavily wounded.
The adder bites you.
You are poisoned.
The adder poisons you! The adder bites you.
You closely miss the adder.
The adder is heavily wounded.
You feel sick. The adder bites you.
You are lethally poisoned!
The adder poisons you!
It was a potion of heal wounds.
You feel much better.
You feel sick. The adder barely misses you.
The adder bites you but does no damage.
You barely miss the adder.
The adder is heavily wounded.
You feel sick. The adder bites you.
You closely miss the adder.
The adder is heavily wounded.
You feel sick. The adder bites you.
* * * LOW HITPOINT WARNING * * *
You are more poisoned.
The adder poisons you!
Okay, then.
It was a potion of attraction.
You feel attractive to monsters.
* * * LOW HITPOINT WARNING * * *
You feel very sick. You block the adder's attack. The adder bites you.
You die...

#.##.## #########.#
#.#...###..........
#.........>....##..
#.....###.####.##..
#..#.## #.# #.##..
#..#.# ##.####.##..
#..#.# #...........
#..#.# #..####.....
#.@#.. ...# #..###
#..Sl.....# ##..###
#....?..... .......
##.#####.. ........
#.# ###..#### #..
...# ###


You could see an adder and a frilled lizard.

Vanquished Creatures
  An endoplasm (D:3)
  3 goblins
  2 hobgoblins (D:3)
  A ball python (D:3)
  2 bats (D:3)
  A frilled lizard (D:3)
  3 kobolds
13 creatures vanquished.

Notes
Turn   | Place    | Note
-------+----------+-------------------------------------------
     0 | D:1      | Esekla the Deep Elf Wanderer began the quest for the Orb.
     0 | D:1      | Esekla set off with the following items: a +0 club, a
                  | potion of lignification, a +0 robe, a +0 buckler; and the
                  | following spells available to memorise: Apportation, Blink,
                  | Lesser Beckoning, Magic Dart, Ignite Poison, Vampiric
                  | Draining.
     0 | D:1      | Reached XP level 1. HP: 10/10 MP: 7/7
     2 | D:1      | Learned a level 1 spell: Apportation
     4 | D:1      | Learned a level 1 spell: Magic Dart
   382 | D:4      | Found a radiant altar of Vehumet.
   393 | D:4      | Found an iron altar of Okawaru.
   401 | D:4      | Found a glowing silver altar of Zin.
   507 | D:4      | Became a worshipper of Vehumet
   767 | D:3      | Reached XP level 2. HP: 15/15 MP: 4/9
   770 | D:3      | Learned a level 2 spell: Blink
  1001 | D:3      | Identified the +5 rapier of the Hero {heavy, rN+ Dex+3}
  1098 | D:2      | Found Renulab's Jewellery Shop.
  1116 | D:2      | Reached skill level 1 in Necromancy
  1147 | D:2      | Slain by an adder

Illustrated notes

Levels and vault maps discovered:
D:1:      sevenhm_arrival_forest_fort_small_3, layout_rooms,
          chequers_serial_rivers_room_b, minmay_misc_feat_five
D:2:      layout_loops_ring, dreamdust_ecumenical_altar_angels_and_demons,
          serial_shops, shop
D:3:      layout_basic, grunt_temple_overflow_open, minmay_misc_feat_iff
D:4:      layout_basic, nicolae_overflow_quartered_altars, serial_shops,
          nicolae_diamond_shop

Skill      XL: |  1  2 |
---------------+-------+-----
Necromancy     | 1 |  1.0
Stealth        | |  1.2
Shields        | |  1.5
Spellcasting   | |  4.9
Conjurations   | |  0.1
Translocations | |  2.4
Invocations    | |  1.0

Action                     || total
---------------------------++-------
  Melee: Short sword       ||    37
   Cast: Magic Dart        ||    25
         Apportation       ||    20
    Use: Scroll            ||     1
         Potion            ||     2
   Stab: Sleeping          ||     1
 Armour: Robe              ||    15
  Dodge: Dodged            ||    33
  Block: Buckler           ||    11
